 Dungeon Crawl Stone Soup version 0.29.1-12-g30fa7ad0bf (webtiles) character file.

Game seed: 1316878496176984958

6771 wingedge the Cleaver (level 10, -4/86 (87) HPs)
             Began as a Palentonga Warper on Jan 13, 2023.
             Was a High Priest of Cheibriados.
             Slain by a gnoll
             ... wielding a +2 halberd of draining
              (7 damage)
             ... in a bailey.
             The game lasted 00:35:19 (7057 turns).

wingedge the Cleaver (Palentonga Warper)            Turns: 7057, Time: 00:35:20

HP:   -4/86 (87)    AC: 23    Str: 33    XL:     10   Next: 76%
MP:   11/13         EV: 12    Int: 26    God:    Cheibriados [*****.]
Gold: 394           SH:  7    Dex: 27    Spells: 2/13 levels left

rFire   + . .      SeeInvis +   C - +1 flail (protect)
rCold   + . .      Faith    .   q - +2 buckler {AC+3}
rNeg    + . .      Spirit   .   R - +1 robe {rC+ rF+}
rPois   .          Reflect  .   p - +0 hat
rElec   .          Harm     .   H - scarf {+Inv}
rCorr   .          Rampage  .   L - +0 pair of gloves
Will    .....                   (no barding)
Stlth   ++........              m - amulet of regeneration
HPRegen 1.04/turn               f - ring of positive energy
MPRegen 0.13/turn               h - +6 ring of dexterity

@: under a protective aura, on blink cooldown, lightly drained, curled up, very
slow
A: large, rugged brown scales 3, see invisible, deformed body, roll 1, armoured
tail, reflexive curl
a: Rolling Charge, Renounce Religion, Evoke Invisibility, Bend Time, Temporal
Distortion, Slouch, Step From Time


You were in a bailey.
You worshipped Cheibriados.
Cheibriados was extremely pleased with you.
You visited 2 branches of the dungeon, and saw 9 of its levels.
You also visited: Sewer and Bailey.

You collected 394 gold pieces.

Inventory:

Hand Weapons
 a - a +2 whip of electrocution
 b - a +2 whip of freezing
 e - a +1 dire flail of protection
 y - a +4 vorpal battleaxe
 C - a +1 flail of protection (weapon)
Missiles
 d - 4 boomerangs of dispersal
 i - 13 boomerangs
 A - 3 throwing nets
 M - a curare-tipped dart
Armour
 p - a +0 hat (worn)
 q - a +2 buckler of protection (worn)
 H - a scarf of invisibility (worn)
 L - a +0 pair of gloves (worn)
 R - a +1 robe of resistance (worn)
Jewellery
 f - a ring of positive energy (left hand)
 h - a +6 ring of dexterity (right hand)
 m - an amulet of regeneration (around neck)
 s - a ring of fire
 J - a ring of ice
Wands
 x - a wand of light (8)
 E - a wand of paralysis (2) (quivered)
Scrolls
 c - a scroll of enchant armour {unknown}
 g - a scroll of magic mapping
 k - 8 scrolls of teleportation
 l - a scroll of torment
 o - 3 scrolls of immolation
 u - 2 scrolls of fog
 v - a scroll of brand weapon {unknown}
 z - 2 scrolls of vulnerability
 D - a scroll of poison
 F - 2 scrolls of summoning {unknown}
 G - 2 scrolls of amnesia {unknown}
 I - 2 scrolls of fear {unknown}
Potions
 j - 3 potions of mutation
 n - 3 potions of magic
 r - 2 potions of curing
 t - 2 potions of lignification
 w - 4 potions of attraction
 B - a potion of berserk rage {unknown}
 K - 2 potions of heal wounds
 N - a potion of haste
 O - a potion of might {unknown}
 P - a potion of brilliance {unknown}
 Q - 2 potions of cancellation {unknown}


   Skills:
 + Level 8.7 Fighting
 * Level 8.8(9.6) Axes
 - Level 6.0(8.3) Maces & Flails
 - Level 1.0 Throwing
 - Level 1.0 Armour
 - Level 4.0 Dodging
 - Level 2.0 Spellcasting
 + Level 7.6 Translocations
 + Level 4.8 Invocations


You had 2 spell levels left.
You knew the following spells:

 Your Spells              Type           Power      Damage    Failure   Level
a - Blink                 Tloc           84%        N/A       1%          2
b - Gell's Gravitas       Tloc           42%        N/A       1%          3
c - Apportation           Tloc           84%        N/A       1%          1
i - Manifold Assault      Tloc           42%        N/A       16%         5

Your spell library contained the following spells:

 Spells                   Type           Power      Damage    Failure   Level
 Shock                    Conj/Air       8%         1d3       13%         1
 Ensorcelled Hibernation  Hex/Ice        4%         N/A       21%         2
 Static Discharge         Conj/Air       2%         3-4/arc   21%         2
 Lesser Beckoning         Tloc           42%        N/A       1%          3
 Teleport Other           Tloc           42%        N/A       1%          3
 Portal Projectile        Hex/Tloc       44%        N/A       9%          3
 Iskenderun's Mystic Bla  Conj/Tloc      22%        2d6       28%         4
 Dazzling Flash           Conj/Hex       4%         N/A       36%         3
 Spider Form              Tmut/Pois      2%         N/A       36%         3
 Swiftness                Air            2%         N/A       36%         3
 Tukima's Dance           Hex            2%         N/A       36%         3
 Airstrike                Air            1%         2d(1-17)  78%         4
 Anguish                  Hex/Necr       1%         N/A       78%         4
 Dispel Undead            Necr           2%         3d7       78%         4
 Sticky Flame             Conj/Fire      2%         2d3       78%         4
 Alistair's Intoxication  Tmut/Pois      1%         N/A       98%         5
 Blade Hands              Tmut           1%         N/A       98%         5
 Starburst                Conj/Fire      1%         6d3       100%        6


Dungeon Overview and Level Annotations

Branches:
Dungeon (9/15)             Temple (1/1) D:4           Sewer (visited)
 Bailey (1/1)
   Lair: D:8-11         Orc: D:9-12

Altars:
Ashenzari
Cheibriados
Dithmenos
Elyvilon
Fedhas
Gozag
Hepliaklqana
Kikubaaqudgha
Makhleb
Nemelex Xobeh
Okawaru
Qazlal
Ru
Sif Muna
Vehumet
Wu Jian
Yredelemnul
Zin

Annotations:
D:4 3 runed translucent doors, Ihaveafatcat's ghost, amateur HOFi


Innate Abilities, Weirdness & Mutations

You are completely covered in rugged brown scales. (AC +3, +7% HP)
You have supernaturally acute eyesight. (SInv)
Armour fits poorly on your strangely shaped body.
You can roll at nearby foes to attack.
You have a long armoured tail.
You curl defensively after being hit. (AC +7*)


Message History

The helpless orc knight fails to defend itself.
You hit the orc knight.
Your weapon exudes an aura of protection.
You tail-slap the orc knight, but do no damage.
The orc knight is lightly wounded.
The gnoll hits you but does no damage. You block the gnoll's attack.
The helpless orc knight fails to defend itself.
You thump the orc knight! You tail-slap the orc knight!
The orc knight is moderately wounded.
The gnoll closely misses you.
The helpless orc knight fails to defend itself.
You sock the orc knight! You tail-slap the orc knight!
The orc knight is severely wounded.
The gnoll misses you.
The helpless orc knight fails to defend itself.
You sock the orc knight!
You tail-slap the orc knight, but do no damage.
The orc knight is almost dead.
The gnoll completely misses you.
The helpless orc knight fails to defend itself.
You bludgeon the orc knight!!
You kill the orc knight!
The gnoll hits you from afar with a +2 halberd of electrocution!
* * * LOW HITPOINT WARNING * * *
Your life force feels restored.
Roll where?
Press: ? - help, Dir - move target, f - gnoll
Aim: a gnoll, wielding a +2 halberd of electrocution You roll forward with a clatter of scales!
You barely miss the gnoll. The gnoll barely misses you.
The gnoll hits you but does no damage.
You are electrocuted!!
* * * LOW HITPOINT WARNING * * *
The gnoll hits you from afar with a +2 halberd of draining.
* * * LOW HITPOINT WARNING * * *
You partially resist.
You feel drained. The gnoll misses you.
Casting: Blink (safe; 1% risk of failure)
Confirm with . or Enter, or press ? or * to list all spells.
You blink.
Found four items.
The gnoll hits you with a +2 halberd of draining!
You die...

##### ### ##
#g§°###.# #.#
+##+##g###)##'##'#
#!.!.@# ##....)#
#.!.!.# ###.)...#
+!.⌠.!+ #.'..⌠..+
#.!.!.# ###.....#
#!.!.!# #.....##
+##+##+# #'##'##'##
#.#.# #.###.# ### ###
##### ### #'#
#)###)###)#)###.###.#


You could see 2 gnolls.

Vanquished Creatures
  2 two-headed ogres
  A centaur warrior (D:7)
  An orc knight (Bailey)
  Sigmund (D:2)
  A wyvern (D:9)
  Menkaure (D:4)
  An acid dragon (D:7)
  Edmund (D:5)
  3 water moccasins (D:7)
  3 ice beasts
  2 sky beasts (D:7)
  4 black bears
  3 centaurs
  3 ogres
  4 phantoms
  5 kobold brigands
  A necrophage (D:4)
  Blork the orc (D:6)
  2 bullfrogs (D:6)
  A wyvern zombie (D:6)
  2 scorpions (D:7)
  4 wights (D:6)
  2 howler monkeys (D:7)
  3 bullfrog zombies (D:6)
  A centaur zombie (D:6)
  2 jellies
  A centaur skeleton (D:6)
  5 hounds
  A gnoll bouda (D:9)
  Terence (D:3)
  An iguana (D:4)
  Ijyb (D:5)
  2 orc wizards
  A killer bee zombie (D:6)
  5 adders
  11 gnolls
  6 river rats
  A shadow imp (D:7)
  A white imp (D:6)
  3 ufetubi
  3 dart slugs
  22 orcs
  8 ball pythons
  2 endoplasms
  A giant cockroach (D:2)
  10 goblins
  A hobgoblin (D:2)
  2 jackals (D:4)
  33 kobolds
  3 quokkas
  6 bats
  3 frilled lizards
  23 rats
212 creatures vanquished.

Vanquished Creatures (others)
  23 plants
  3 withered plants
26 creatures vanquished.

Grand Total: 238 creatures vanquished

Notes
Turn   | Place    | Note
-------+----------+-------------------------------------------
     0 | D:1      | wingedge the Palentonga Warper began the quest for the Orb.
     0 | D:1      | Reached XP level 1. HP: 17/17 MP: 3/3
   351 | D:1      | Reached XP level 2. HP: 22/23 MP: 5/5
   393 | D:1      | Learned a level 2 spell: Blink
  1137 | D:2      | Noticed Sigmund
  1640 | D:2      | Reached XP level 3. HP: 28/28 MP: 6/6
  1664 | D:2      | Killed Sigmund
  1665 | D:2      | Reached skill level 1 in Throwing
  1665 | D:2      | Reached skill level 1 in Armour
  1665 | D:2      | Reached XP level 4. HP: 24/35 MP: 7/7
  1665 | D:2      | Reached XP level 5. HP: 27/40 MP: 8/8
  2209 | D:2      | Found a faded altar of an unknown god.
  2625 | D:3      | Noticed Terence
  2629 | D:3      | Killed Terence
  2916 | D:4      | Found a staircase to the Ecumenical Temple.
  2924 | D:4      | Reached XP level 6. HP: 47/47 MP: 9/9
  2926 | Temple   | Entered the Ecumenical Temple
  3093 | Temple   | Became a worshipper of Cheibriados the Contemplative
  3131 | D:4      | Noticed Menkaure
  3132 | D:4      | Killed Menkaure
  3133 | D:4      | Reached skill level 5 in Maces & Flails
  3319 | D:4      | Learned a level 3 spell: Gell's Gravitas
  3356 | D:4      | Gained mutation: You curl defensively after being hit. (AC
                  | +7*) [Palentonga growth]
  3356 | D:4      | Reached XP level 7. HP: 39/54 MP: 10/10
  3537 | D:4      | Reached * piety under Cheibriados
  3661 | D:4      | Found a runed translucent gate.
  3661 | D:4      | Noticed Ihaveafatcat's ghost (amateur HOFi)
  3662 | D:4      | Found a runed translucent gate.
  3662 | D:4      | Identified the +7 chain mail of Midnight {rPois rCorr
                  | Dex+2}
  3663 | D:4      | Found a runed translucent gate.
  3862 | D:5      | Entered Level 5 of the Dungeon
  3889 | D:5      | Found an ancient bone altar of Kikubaaqudgha.
  4089 | D:5      | Identified a scroll of acquirement
  4092 | D:5      | Acquired a +4 vorpal battleaxe
  4099 | D:5      | Noticed Edmund
  4107 | D:5      | Killed Edmund
  4108 | D:5      | Reached skill level 1 in Invocations
  4341 | D:5      | Noticed Ijyb
  4345 | D:5      | Paralysed by Ijyb for 5 turns
  4354 | D:5      | Killed Ijyb
  4355 | D:5      | Reached XP level 8. HP: 64/64 MP: 11/11
  4603 | D:6      | Noticed Blork the orc
  4608 | D:6      | Killed Blork the orc
  4631 | D:6      | Found a shimmering blue altar of Sif Muna.
  4718 | D:6      | Found a radiant altar of Vehumet.
  4815 | D:6      | Reached skill level 5 in Translocations
  4853 | D:6      | Found a sacrificial altar of Ru.
  4879 | D:6      | Reached skill level 5 in Axes
  4882 | D:6      | Reached skill level 5 in Fighting
  4905 | D:6      | Found a glowing drain.
  4926 | D:6      | Reached ** piety under Cheibriados
  4933 | Sewer    | Entered a sewer
  5154 | Sewer    | Reached *** piety under Cheibriados
  5516 | D:6      | Reached XP level 9. HP: 72/72 MP: 12/12
  5585 | D:6      | Reached **** piety under Cheibriados
  5620 | D:6      | Learned a level 5 spell: Manifold Assault
  5813 | D:6      | Found a hazy altar of Hepliaklqana.
  6128 | D:7      | Noticed a two-headed ogre
  6134 | D:7      | Noticed a centaur warrior
  6151 | D:7      | Killed a two-headed ogre
  6152 | D:7      | Reached XP level 10. HP: 42/84 MP: 8/13
  6156 | D:7      | Killed a centaur warrior
  6278 | D:7      | Learned a level 1 spell: Apportation
  6628 | D:7      | You fall into a shaft and drop 2 floors!
  6643 | D:9      | Noticed a two-headed ogre
  6647 | D:9      | Killed a two-headed ogre
  6659 | D:9      | Found a flagged portal.
  6673 | D:9      | Reached ***** piety under Cheibriados
  6725 | Bailey   | Entered a bailey
  7041 | Bailey   | Noticed an orc knight
  7055 | Bailey   | Killed an orc knight
  7056 | Bailey   | HP: 3/87 [gnoll/+2 halberd of electrocution (18)]
  7057 | Bailey   | Slain by a gnoll

Illustrated notes

Levels and vault maps discovered:
D:1:      wander_arrival_chamber, layout_loops_corners
D:2:      layout_basic, hellmonk_ecumenical_altar_inner_sanctum,
          minmay_statues_item, fountainhead, minmay_splitting_lines,
          kennysheep_small_spiral, uniq_sigmund
D:3:      layout_basic, uniq_terence
D:4:      layout_loops_cross, minmay_temple_entry_grid,
          biasface_ghost_orc_armoury, lexackson_kobold_supper, uniq_menkaure
D:5:      layout_loops_cross, kiku_gazebo_garden_becter, uniq_ijyb, uniq_edmund
D:6:      layout_loops_cross, lemuel_tele_altar, lemuel_coloured_pillars_altar,
          nicolae_vehumet_radiance, mainiacjoe_overflow_alcove_4, serial_undead,
          serial_undead_d, serial_undead_b, serial_undead_f, serial_undead_e,
          portal_sewer_entry_c, uniq_blork_the_orc
D:7:      nzn_winding_woodlands_cross [nzn_winding_woodlands_5x15_parted,
          nzn_winding_woodlands_5x15_sidewinder,
          nzn_winding_woodlands_5x15_crooked, nzn_winding_woodlands_5x15_pool,
          nzn_winding_woodlands_15x15_five_gardens], layout_layer_cave,
          minmay_misc_feat_chi, kennysheep_generic_room_10
D:9:      layout_cave_pools, nicolae_tso_carved_into_rock,
          gammafunk_temple_overflow_statue, enter_bailey_5, uniq_grum
Temple:   nicolae_temple_bog_church
Bailey:   bailey_polearm_nasty_gnolls, bailey

Skill      XL: |  1  2  3  4  5  6  7  8  9 10 |
---------------+-------------------------------+-----
Axes           | 3 4 5 7 8 |  8.8
Maces & Flails | 4 5 6 |  6.0
Throwing       | 1 |  1.0
Armour         | 1 |  1.0
Dodging        | 2 3 4 |  4.0
Fighting       | 3 5 7 8 |  8.7
Translocations | 4 6 7 |  7.6
Invocations    | 2 3 4 |  4.8
Spellcasting   | |  2.0

Action                   |  1- 3 |  4- 6 |  7- 9 | 10-12 || total
-------------------------+-------+-------+-------+-------++-------
Melee: Hand axe          |    39 |       |       |       ||    39
       Tailslap          |     2 |     1 |    51 |    27 ||    81
       Whip              |     7 |    40 |    37 |       ||    84
       Flail             |       |       |   248 |   148 ||   396
Throw: Boomerang         |     7 |     1 |       |       ||     8
       Throwing net      |       |     1 |     1 |       ||     2
 Cast: Blink             |       |       |     6 |     2 ||     8
Invok: Bend Time         |       |       |     4 |       ||     4
 Abil: Rolling Charge    |    21 |    15 |    44 |    35 ||   115
Evoke: Wand              |       |       |     2 |     8 ||    10
  Use: Scroll            |     1 |     7 |     8 |     1 ||    17
       Potion            |     3 |       |     1 |     1 ||     5
 Stab: Held in net/web   |       |       |     2 |       ||     2
       Paralysed         |       |       |       |     8 ||     8
Armor: Leather armour    |    11 |     7 |     5 |       ||    23
       Scale mail        |       |       |   166 |       ||   166
       Robe              |       |       |    44 |    69 ||   113
Dodge: Dodged            |     9 |    16 |   183 |    90 ||   298
Block: Buckler           |       |       |       |    32 ||    32
